Map: Amygdala

Players

Serral - Winner!

  • Race: Zerg Zerg
  • League: Master
  • Spawn Location: 7:00

LiquidElazer (Elazer)

  • Race: Zerg Zerg
  • Spawn Location: 1:00

Event: HomeStory Cup XXVI

VOD

Have the link to the VOD?

Description

Time

  • Played on: Nov. 30, 2024, 1:18 p.m.
  • Length: 14:46

All games in this series

Show
View Real Time Build Order
Export as new Build Order

Serral Zerg - Winner!

Build Orders: Hatch First, Lurkers, Roach Hydra 

Get SALT Encoding   

  12  0:00  Drone  
  13  0:12  Overlord  
  13  0:17  Drone  
  14  0:31  Drone x2  
  16  0:45  Hatchery  
  16  0:49  Drone  
  16  0:52  Drone  
  16  0:56  Drone  
  18  1:06  Extractor  
  18  1:11  Spawning Pool  
  16  1:14  Drone  
  16  1:17  Drone  
  18  1:28  Drone  
  19  1:39  Drone  
  20  1:50  Drone  
  21  1:57  Queen x2  
  21  1:58  Zergling x2  
  21  2:00  Overlord  
  26  2:08  Drone  
  27  2:10  Metabolic Boost  
  27  2:12  Drone  
  28  2:19  Drone  
  28  2:21  Drone  
  30  2:30  Drone  
  30  2:32  Drone  
  32  2:40  Hatchery  
  32  2:42  Drone  
  32  2:44  Overlord  
  32  2:50  Drone  
  33  2:54  Drone  
  33  2:57  Queen  
  36  3:07  Drone  
  36  3:08  Drone x3  
  36  3:09  Drone  
  36  3:10  Overlord  
  41  3:13  Zergling x2  
  41  3:15  Zergling x2  
  41  3:18  Zergling x2  
  44  3:24  Roach Warren  
  44  3:25  Zergling x2  
  44  3:32  Drone  
  45  3:37  Drone x6  
  45  3:40  Extractor  
  50  3:42  Overlord  
  50  3:45  Drone x2  
  52  3:54  Drone x2  
  52  3:55  Extractor  
  53  3:58  Drone  
  53  4:01  Drone  
  55  4:03  Overlord  
  55  4:06  Drone x3  
  55  4:08  Drone x2  
  60  4:11  Roach x2  
  60  4:15  Lair  
  64  4:19  Roach  
  64  4:20  Overlord  
  64  4:23  Overlord  
  66  4:26  Roach  
  66  4:27  Extractor  
  66  4:28  Roach  
  69  4:31  Overlord  
  69  4:36  Roach x2  
  73  4:39  Roach x2  
  73  4:44  Overlord  
  73  4:45  Roach  
  79  4:51  Drone x2  
  79  4:52  Roach x2  
  85  4:53  Roach  
  87  5:02  Queen  
  87  5:03  Queen  
  87  5:06  Overlord  
  91  5:10  Drone x3  
  94  5:14  Glial Reconstitution  
  94  5:16  Drone x2  
  96  5:21  Spore Crawler  
  96  5:23  Spore Crawler  
  96  5:25  Spore Crawler  
  96  5:26  Drone x2  
  95  5:30  Drone  
  95  5:31  Drone x3  
  99  5:37  Overlord  
  99  5:38  Overlord  
  99  5:40  Drone x2  
  101  5:44  Spore Crawler  
  101  5:48  Overlord  
  101  5:49  Spore Crawler  
  99  5:55  Overlord x2, Infestation Pit  
  98  5:59  Drone  
  98  6:00  Drone x2  
  98  6:02  Drone x3  
  103  6:05  Drone x2  
  103  6:07  Extractor x2  
  103  6:11  Hydralisk Den  
  103  6:12  Drone  
  103  6:13  Drone x2  
  103  6:15  Overlord  
  103  6:16  Drone  
  104  6:18  Overlord  
  104  6:22  Queen  
  104  6:24  Overlord  
  106  6:27  Overlord  
  106  6:30  Queen  
  104  6:36  Overseer  
  104  6:38  Infestor x3  
  110  6:41  Queen  
  112  6:47  Spore Crawler  
  112  6:48  Infestor x2  
  112  6:50  Overlord  
  114  6:58  Drone  
  114  6:59  Drone x3  
  114  7:00  Overlord  
  118  7:03  Roach x4  
  124  7:10  Evolution Chamber, Roach x2  
  124  7:11  Roach  
  125  7:22  Overlord  
  123  7:25  Drone  
  123  7:28  Muscular Augments, Hydralisk x4  
  132  7:30  Overseer  
  132  7:31  Zergling x2  
  132  7:32  Zergling x2  
  132  7:34  Overlord  
  134  7:39  Zerg Missile Weapons Level 1  
  134  7:40  Hydralisk x2  
  136  7:47  Overlord  
  136  7:53  Hydralisk  
  136  7:54  Hydralisk x4  
  136  7:57  Overlord  
  146  8:03  Hydralisk x4  
  154  8:16  Hydralisk x2  
  158  8:26  Hydralisk  
  158  8:27  Hydralisk x5  
  146  8:32  Grooved Spines  
  158  8:35  Overlord  
  158  8:36  Overlord x2  
  158  8:38  Hydralisk x3  
  164  8:43  Spore Crawler  
  164  8:44  Hive  
  161  8:52  Hydralisk x3  
  167  8:58  Drone x2  
  169  9:03  Burrow  
  169  9:08  Spore Crawler  
  168  9:10  Spore Crawler  
  168  9:12  Spore Crawler, Roach x2  
  168  9:13  Hatchery  
  165  9:20  Spore Crawler  
  165  9:22  Spore Crawler  
  153  9:34  Drone x8  
  153  9:38  Zerg Missile Weapons Level 2  
  161  9:41  Drone x4  
  165  9:51  Spore Crawler, Evolution Chamber  
  162  9:54  Spore Crawler  
  162  9:58  Viper x4  
  169  10:01  Drone x3  
  169  10:02  Extractor  
  169  10:04  Extractor  
  169  10:05  Drone x3  
  173  10:09  Roach x2  
  177  10:18  Roach x2  
  177  10:19  Roach  
  183  10:25  Zerg Ground Armor Level 1  
  183  10:26  Roach x3  
  183  10:28  Lurker Den  
  186  10:50  Spore Crawler x2, Overseer  
  186  10:51  Roach x8  
  198  11:18  Roach  
  198  11:31  Hydralisk x6  
  199  11:34  Seismic Spines  
  190  11:50  Overlord x4  
  190  11:51  Overlord  
  190  11:56  Zerg Missile Weapons Level 3  
  190  12:00  Overlord x2  
  188  12:02  Spore Crawler  
  188  12:03  Spore Crawler  
  188  12:06  Spore Crawler  
  185  12:12  Drone x2  
  185  12:13  Spore Crawler  
  182  12:16  Lurker x9  
  182  12:21  Drone x2  
  193  12:23  Drone x2  
  193  12:25  Hydralisk x5  
  195  12:31  Adaptive Talons  
  195  12:40  Lurker x5  
  196  12:51  Lurker x5  
  188  12:52  Infestor x4  
  188  12:54  Drone x3  
  188  12:55  Drone x3  
  193  13:09  Roach x6  
  195  13:22  Roach x2  
  195  13:23  Roach x6  
  199  13:30  Roach x3  
  199  13:31  Roach x5  
  199  13:32  Roach  
  199  13:35  Infestor x4  
  199  13:45  Roach  
  199  13:47  Hatchery  
  198  13:55  Roach  
  200  14:02  Roach x6  
  200  14:23  Roach  
Show
View Real Time Build Order
Export as new Build Order

LiquidElazer Zerg 

Build Orders: Hatch First 

Get SALT Encoding   

  12  0:00  Drone  
  13  0:07  Drone  
  14  0:14  Extractor  
  14  0:15  Drone  
  15  0:21  Overlord  
  15  0:40  Drone  
  16  0:45  Hatchery  
  16  0:49  Drone  
  16  0:52  Drone  
  16  0:57  Drone  
  18  1:06  Extractor  
  17  1:11  Spawning Pool  
  17  1:14  Drone  
  17  1:17  Drone  
  18  1:26  Drone  
  19  1:37  Drone  
  20  1:47  Drone  
  21  1:57  Drone, Queen x2  
  21  1:59  Overlord  
  26  2:08  Drone  
  27  2:09  Drone  
  28  2:18  Drone  
  28  2:20  Drone  
  30  2:28  Drone  
  31  2:30  Drone  
  31  2:33  Queen  
  31  2:34  Lair  
  34  2:39  Drone  
  34  2:41  Overlord  
  35  2:50  Drone  
  36  2:57  Extractor  
  35  3:01  Drone  
  35  3:02  Drone, Roach Warren  
  35  3:03  Drone  
  35  3:05  Drone x3  
  40  3:07  Drone  
  40  3:08  Drone  
  40  3:09  Drone  
  43  3:16  Drone  
  43  3:18  Overlord  
  44  3:26  Extractor, Evolution Chamber  
  42  3:28  Drone x2, Extractor  
  42  3:33  Spire  
  42  3:37  Drone x2  
  42  3:39  Drone  
  45  3:43  Drone x3  
  48  3:54  Drone x3  
  48  3:55  Drone  
  52  4:03  Overlord  
  52  4:13  Overlord x2  
  52  4:14  Metabolic Boost  
  52  4:24  Zergling x12  
  52  4:25  Zergling x2  
  59  4:44  Mutalisk  
  59  4:45  Mutalisk x2  
  65  4:46  Mutalisk  
  65  4:51  Mutalisk x3  
  73  4:53  Zergling x6  
  76  5:02  Overlord  
  76  5:12  Hatchery  
  76  5:14  Zerg Flyer Weapons Level 1  
  75  5:15  Overlord  
  75  5:23  Mutalisk x2  
  75  5:27  Zergling x6  
  81  5:36  Mutalisk  
  81  5:38  Drone x5  
  88  5:45  Mutalisk  
  88  5:48  Drone  
  91  6:01  Mutalisk  
  90  6:05  Drone  
  90  6:08  Extractor  
  90  6:10  Overlord  
  90  6:11  Extractor  
  89  6:22  Mutalisk  
  91  6:30  Mutalisk x3  
  95  6:36  Drone  
  95  6:37  Drone x4  
  100  6:40  Mutalisk  
  100  6:42  Mutalisk  
  100  6:43  Overlord  
  100  6:45  Drone  
  100  6:47  Drone  
  106  6:48  Overlord  
  106  6:56  Hatchery  
  106  6:59  Overlord  
  105  7:02  Mutalisk x3  
  105  7:04  Drone x3  
  111  7:10  Mutalisk  
  109  7:22  Mutalisk x2  
  109  7:25  Overlord  
  109  7:26  Drone x9  
  118  7:30  Mutalisk  
  118  7:36  Zerg Flyer Weapons Level 2  
  120  7:39  Overseer  
  120  7:44  Overlord  
  120  7:45  Overlord  
  120  7:48  Hatchery  
  119  7:54  Mutalisk x2  
  119  7:57  Overlord  
  123  7:58  Extractor  
  123  8:00  Drone x6, Extractor  
  127  8:06  Mutalisk, Infestation Pit  
  127  8:09  Mutalisk  
  122  8:30  Mutalisk x3  
  128  8:34  Drone  
  128  8:35  Drone x5  
  128  8:40  Zergling x18  
  143  8:43  Mutalisk x2, Extractor  
  143  8:45  Extractor  
  141  8:50  Mutalisk  
  141  8:51  Mutalisk  
  145  8:55  Overlord  
  145  8:57  Mutalisk x2  
  145  9:02  Overlord  
  149  9:03  Hive  
  149  9:07  Overlord x2  
  149  9:10  Drone  
  149  9:12  Overseer  
  150  9:17  Pneumatized Carapace  
  144  9:26  Mutalisk  
  144  9:27  Mutalisk x3  
  132  9:35  Mutalisk x2  
  132  9:40  Zerg Ground Armor Level 1  
  132  9:47  Mutalisk x2  
  136  10:14  Evolution Chamber  
  136  10:19  Ultralisk Cavern  
  133  10:38  Mutalisk x12  
  157  10:42  Hatchery  
  157  10:43  Hatchery  
  157  10:44  Zerg Melee Weapons Level 1  
  153  11:18  Chitinous Plating  
  150  11:19  Ultralisk x4  
  169  11:34  Ultralisk x2  
  172  11:44  Ultralisk  
  172  11:46  Drone  
  172  11:47  Drone x8  
  174  11:53  Overlord  
  174  11:54  Overlord x2  
  172  12:02  Hatchery  
  172  12:08  Drone x7  
  175  12:09  Drone x2  
  175  12:11  Overseer  
  178  12:16  Extractor  
  178  12:20  Extractor, Ultralisk x3  
  186  12:32  Extractor x2  
  186  12:33  Drone x2  
  186  12:34  Drone x4  
  186  12:36  Anabolic Synthesis  
  184  12:41  Drone x3  
  184  12:43  Drone  
  143  13:18  Ultralisk  
  143  13:19  Ultralisk x2  
  160  13:20  Ultralisk  
  160  13:21  Ultralisk  
  160  13:24  Drone  
  160  13:25  Drone x6  
  179  13:39  Viper x2  
  179  13:40  Viper  
  184  13:50  Drone x3  
  179  13:55  Overseer  
  179  13:56  Overseer  
  179  13:57  Drone x3  
  179  13:59  Drone x3  
  179  14:00  Drone x6  
  179  14:01  Drone x2  
  191  14:10  Viper  
  196  14:26  Overlord  
  196  14:28  Overseer  
Tags
 
Add a new tag
Caveats
  • Supply blocks, unpowered buildings, or Contaminate may cause inaccurate times.
  • Supply counts are checked every 10 seconds.